 Dungeon Crawl Stone Soup version 0.28.0-43-g3370ac3207 (webtiles) character file.

Game seed: 13453534231669607572

135 pkoi the Magician (level 4, -3/24 HPs)
             Began as a Deep Elf Hedge Wizard on Mar 7, 2022.
             Succumbed to a water moccasin's poison
             ... on level 4 of the Dungeon.
             The game lasted 00:04:35 (4498 turns).

pkoi the Magician (Deep Elf Hedge Wizard)           Turns: 4498, Time: 00:04:35

Health: -3/24      AC:  2    Str:  7    XL:     4   Next: 97%
Magic:  8/13       EV: 12    Int: 21    God:
Gold:   97         SH:  0    Dex: 14    Spells: 8/14 levels left

rFire   . . .      SeeInvis .   i - +2 whip (freeze)
rCold   . . .      Faith    .   (no shield)
rNeg    . . .      Spirit   .   b - +0 robe
rPois   .          Reflect  .   c - +0 hat
rElec   .          Harm     .   (no cloak)
rCorr   .          Rampage  .   (no gloves)
Will    .....                   (no boots)
Stlth   ++........              (no amulet)
HPRegen 0.08/turn               (no ring)
MPRegen 0.13/turn               (no ring)

@: lethally poisoned (-3 -> -24)
A: no striking features
a: no special abilities


You were on level 4 of the Dungeon.
You visited 1 branch of the dungeon, and saw 4 of its levels.

You collected 97 gold pieces.

Inventory:

Hand Weapons
 a - a +0 dagger
 h - a +1 rapier of electrocution
 i - a +2 whip of freezing (weapon)
Armour
 b - a +0 robe (worn)
 c - a +0 hat (worn)
 f - an orb of mayhem
Magical Staves
 g - a staff of poison
Scrolls
 d - 4 scrolls of identify


   Skills:
 - Level 2.4 Dodging
 - Level 2.4 Stealth
 + Level 5.7 Spellcasting
 * Level 4.0 Conjurations
 - Level 1.1 Summonings
 + Level 1.9 Translocations


You had 8 spell levels left.
You knew the following spells:

 Your Spells              Type           Power      Damage    Failure   Level
a - Magic Dart            Conj           88%        1d7       1%          1
b - Blink                 Tloc           28%        N/A       7%          2
c - Gell's Gravitas       Tloc           14%        N/A       13%         3

Your spell library contained the following spells:

 Spells                   Type           Power      Damage    Failure   Level
 Slow                     Hex            24%        N/A       10%         1
 Call Imp                 Summ           10%        N/A       10%         2
 Conjure Flame            Conj/Fire      14%        6-21      13%         3
 Lesser Beckoning         Tloc           14%        N/A       13%         3
 Teleport Other           Tloc           14%        N/A       13%         3
 Mephitic Cloud           Conj/Pois/Air  11%        N/A       17%         3


Dungeon Overview and Level Annotations

Branches:
Dungeon (4/15)
 Temple: D:4-7

Altars:
Fedhas


Message History

The iguana hisses angrily.
The water moccasin misses you.
The water moccasin bites you but does no damage.
You hit the water moccasin. You freeze the water moccasin.
The water moccasin is moderately wounded.
The water moccasin bites you.
You are poisoned.
The water moccasin poisons you!
Unknown command.
You hit the water moccasin.
The water moccasin seems to slow down.
You freeze the water moccasin.
The water moccasin is heavily wounded.
* * * LOW HITPOINT WARNING * * *
You feel very sick. The water moccasin closely misses you.
Unknown command.
You barely miss the water moccasin.
The water moccasin is heavily wounded.
You feel very sick. The water moccasin bites you.
* * * LOW HITPOINT WARNING * * *
The water moccasin closely misses you.
Unknown command.
You hit the water moccasin. You freeze the water moccasin.
The water moccasin is severely wounded.
* * * LOW HITPOINT WARNING * * *
You feel sick. The water moccasin bites you.
* * * LOW HITPOINT WARNING * * *
Unknown command.
Unknown command.
You closely miss the water moccasin.
The water moccasin is severely wounded.
* * * LOW HITPOINT WARNING * * *
You feel sick.
The water moccasin is no longer moving slowly.
The iguana closely misses you. The water moccasin bites you.
* * * LOW HITPOINT WARNING * * *
You are more poisoned.
The water moccasin poisons you!
You die...

######.# #...g# #........)...
.....#.####.##.# #............
.........#..##.# #............
#........#.###.###
#............
#.##......##...#####...........
#.###).........g§.........#....
.
#.>.....#....#S##......########
.######......#....l#.....# .##
#..##....(@#.......#
..#####..##..###.###.......
.........##..# #........####
.......#.##. . ###......# .
.).....#.##. .# ........ †#
.......#.# #. < .. .......#..
## ......###. ..........#


You could see a water moccasin, an iguana and a gnoll.

Vanquished Creatures
  A hound (D:4)
  A hound skeleton (D:3)
  A gnoll (D:4)
  2 adders (D:2)
  A dart slug (D:3)
  An orc (D:4)
  7 bats
  3 endoplasms
  5 giant cockroaches
  5 goblins
  11 hobgoblins
  6 kobolds
  2 quokkas
  4 ball pythons
  4 frilled lizards
  3 rats
57 creatures vanquished.

Notes
Turn   | Place    | Note
-------+----------+-------------------------------------------
     0 | D:1      | pkoi the Deep Elf Hedge Wizard began the quest for the Orb.
     0 | D:1      | Reached XP level 1. HP: 10/10 MP: 7/7
   707 | D:1      | Reached XP level 2. HP: 15/15 MP: 5/9
  1149 | D:1      | Reached skill level 5 in Spellcasting
  1196 | D:1      | Found a faded altar of an unknown god.
  1461 | D:2      | Found a blossoming altar of Fedhas.
  2174 | D:2      | Reached XP level 3. HP: 17/19 MP: 5/11
  2770 | D:2      | Learned a level 2 spell: Blink
  2774 | D:2      | Learned a level 3 spell: Gell's Gravitas
  3485 | D:3      | Reached XP level 4. HP: 19/24 MP: 3/13
  3801 | D:4      | Noticed a water moccasin
  4490 | D:4      | HP: 1/24 [water moccasin (7)]
  4498 | D:4      | Succumbed to a water moccasin's poison

Illustrated notes

Levels and vault maps discovered:
D:1:      amcnicky_arrival_blooded_trapdoor, layout_rooms,
          shapermc_ecumenical_altar_totnotflames
D:2:      layout_rooms, serial_co_window_serial, co_window_paths_a,
          co_window_corner_a, co_window_corner_a, co_window_corner_a,
          co_window_of_opportunity_a, co_window_paths_b, co_window_paths_a,
          co_window_of_opportunity_a, co_window_paths_a, co_window_corner_b,
          co_window_broadway_c, co_window_cross_4, co_window_2corner,
          co_window_paths_d, glass_columns_b, glass_columns_b, glass_columns_a,
          basic_altar
D:3:      layout_basic
D:4:      layout_rooms, uniq_pikel, uniq_crazy_yiuf_cottage

Skill      XL: |  1  2  3  4 |
---------------+-------------+-----
Spellcasting   | 5 |  5.7
Conjurations   | 2 3 4 |  4.0
Dodging        | |  2.4
Stealth        | |  2.4
Summonings     | |  1.1
Translocations | |  1.9

Action                   |  1- 3 |  4- 6 || total
-------------------------+-------+-------++-------
Melee: Dagger            |     8 |       ||     8
       Whip              |       |     9 ||     9
 Cast: Magic Dart        |   108 |    46 ||   154
       Blink             |       |     1 ||     1
  Use: Scroll            |     2 |     2 ||     4
       Potion            |     1 |     1 ||     2
Armor: Robe              |     5 |     2 ||     7
Dodge: Dodged            |    24 |     9 ||    33
